 Dungeon Crawl Stone Soup version 0.16-a0-296-gbdb9f68 (webtiles) character file.

43 Kashira the Gusty (level 3, 0/19 HPs)
             Began as a Tengu Air Elementalist on Aug 29, 2014.
             Slain by an adder (2 damage)
             ... on Level 1 of the Dungeon.
             The game lasted 00:07:24 (1374 turns).

Kashira the Gusty (Tengu Air Elementalist)          Turns: 1374, Time: 00:07:24

HP   0/19        AC  3     Str  8      XL: 3   Next: 58%
MP   0/7         EV 15     Int 16      God:
Gold 40          SH  0     Dex 14      Spells:  3 memorised,  1 level left

rFire  . . .     SeeInvis .     f - +0 spear
rCold  . . .     Clarity  .     a - +0 robe
rNeg   . . .     rCorr    .     (no shield)
rPois  .         rRot     .     (helmet restricted)
rElec  .         Spirit   .     i - +0 cloak
SustAb .         Warding  .     (no gloves)
rMut   .         Stasis   .     (boots unavailable)
Gourm  .                        (no amulet)
MR     .....                    (no ring)
                                g - ring of regeneration

@: lethally poisoned, flying quickly and evasively, quick, not resistant to
hostile enchantments, unstealthy
A: beak, talons 3
a: no special abilities


You were on level 1 of the Dungeon.
You were hungry.

You visited 1 branch of the dungeon, and saw 2 of its levels.

You collected 40 gold pieces.

Inventory:

Hand weapons
 f - a +0 spear (weapon)
Armour
 a - a +0 robe (worn)
 i - a +0 cloak (worn)
Comestibles
 c - a bread ration
 d - a meat ration
 j - a rotting chunk of hobgoblin flesh
Scrolls
 h - a scroll of remove curse {unknown}
 k - a scroll of identify {unknown}
Jewellery
 g - a ring of regeneration (left hand)
Books
 b - a book of Air

   Spells                             Type                      Level
   *Shock                             Conjuration/Air              1
   *Swiftness                         Charms/Air                   2
   *Repel Missiles                    Charms/Air                   2
   Flight                             Charms/Air                   3
   Static Discharge                   Conjuration/Air              3
   Lightning Bolt                     Conjuration/Air              5


   Skills:
 + Level 0.2 Fighting
 + Level 0.2 Polearms
 + Level 2.1 Dodging
 + Level 2.2 Stealth
 + Level 2.2 Spellcasting
 + Level 2.2 Conjurations
 + Level 5.0 Air Magic


You had one spell level left.
You knew the following spells:

 Your Spells              Type           Power        Failure   Level  Hunger
a - Shock                 Conj/Air       ##..         6%          1    #......
b - Swiftness             Chrm/Air       #.......     12%         2    ##.....
c - Repel Missiles        Chrm/Air       #.....       12%         2    ##.....


Dungeon Overview and Level Annotations

Branches:
Dungeon (2/15)

Altars:


Innate Abilities, Weirdness & Mutations

You have a beak for a mouth.
You have claws for feet.


Message History

* * * LOW HITPOINT WARNING * * *
You closely miss the adder.
The adder is severely wounded.
The adder bites you.
* * * LOW HITPOINT WARNING * * *
You are more poisoned.
The adder poisons you! The hobgoblin closely misses you.
You closely miss the adder. Your kick misses the adder.
The adder is severely wounded.
The adder bites you but does no damage. The hobgoblin hits you with a club.
* * * LOW HITPOINT WARNING * * *
The adder completely misses you.
You closely miss the adder.
The adder is severely wounded.
You feel sick. The hobgoblin closely misses you.
The adder bites you but does no damage.
You barely miss the adder.
The adder is severely wounded.
The adder bites you.
You die...

...## #....................'.
#...### #.######...#####.....#.
'...'.#####.# #...# #.###.#.
#...#.......# #...# #.###.#.
...########.# #...# #.##.... ...#
#.# #...# #.##.... ..## #.# #...#
#.##.... ..# #.######...#
#.##.... .## #>...S@g...#
#.##.... ##
#########...#####.##.... #
#....................... #
#........##.######......
##########............##..+......
................#####'##.##......
######...................#.......
#..........###......#.......
#..........###......#.......


You could see an adder and a hobgoblin.

Vanquished Creatures
  A gnoll (D:2)
  2 giant geckos (D:1)
  A giant cockroach (D:1)
  2 hobgoblins
  2 jackals (D:1)
  A kobold (D:1)
  9 bats (D:1)
  3 giant newts (D:1)
  9 goblins
  6 rats (D:1)
36 creatures vanquished.

Notes
Turn   | Place    | Note
--------------------------------------------------------------
     0 | D:1      | Kashira, the Tengu Air Elementalist, began the quest for the Orb.
     0 | D:1      | Reached XP level 1. HP: 10/10 MP: 3/3
   274 | D:1      | Reached XP level 2. HP: 13/15 MP: 0/5
   763 | D:1      | Learned a level 2 spell: Swiftness
   766 | D:1      | Learned a level 2 spell: Repel Missiles
  1040 | D:1      | Reached XP level 3. HP: 19/19 MP: 5/7
  1328 | D:2      | Reached skill level 5 in Air Magic
  1374 | D:1      | Slain by an adder

Action                   || total
-------------------------++-------
Melee: Spear             ||    22
 Cast: Shock             ||    70
  Use: Scroll            ||     1
       Potion            ||     1
  Eat: Chunk             ||     2
